 Dungeon Crawl Stone Soup version 0.18-a0-750-g37044d6 (webtiles) character file.

314 cluie the Insei (level 6, 0/46 HPs)
             Began as a Demonspawn Transmuter on Dec 12, 2015.
             Slain by a quokka (1 damage)
             ... on level 3 of the Dungeon.
             The game lasted 00:07:28 (3214 turns).

cluie the Insei (Demonspawn Transmuter)             Turns: 3214, Time: 00:07:28

Health: 0/46       AC:  5    Str: 11    XL:     6   Next: 19%
Magic:  0/9        EV: 14    Int: 14    God:
Gold:   147        SH:  0    Dex: 15    Spells: 3 memorised, 1 level left

rFire  . . .     SeeInvis .       - Unarmed
rCold  . . .     Clarity  .     b - +1 robe
rNeg   . . .     SustAt   .     (no shield)
rPois  .         Gourm    .     (no helmet)
rElec  .         Spirit   +     (no cloak)
rCorr  .         Dismiss  .     (no gloves)
rMut   .         Stasis   .     (no boots)
MR     .....                    (no amulet)
Stlth  +.........               (no ring)
                                n - ring of wizardry

@: not resistant to hostile enchantments, very unstealthy
A: yellow scales 1, magic shield, magic regeneration
a: no special abilities


You were on level 3 of the Dungeon.
You were hungry.

You visited 1 branch of the dungeon, and saw 4 of its levels.

You collected 147 gold pieces.

Inventory:

Missiles
 a - 8 arrows
Armour
 b - a +1 robe (worn)
Jewellery
 i - an uncursed ring of teleportation
 n - a ring of wizardry (left hand)
Scrolls
 h - a scroll of enchant armour
 m - 2 scrolls of identify
 p - a scroll of blinking {unknown}
Potions
 e - 2 potions of ambrosia
 g - a potion of might
 l - a potion of haste
 s - a potion of curing
Books
 c - a book of Changes

   Spells                             Type                      Level
   a - Beastly Appendage              Transmutation                1
   b - Sticks to Snakes               Transmutation                2
   c - Spider Form                    Transmutation/Poison         3
   d - Ice Form                       Ice/Transmutation            4
   e - Blade Hands                    Transmutation                5
 o - a book of Fire

   Spells                             Type                      Level
   a - Ignite Poison                  Fire/Transmutation/Poison    3
   b - Fireball                       Conjuration/Fire             5
   c - Bolt of Fire                   Conjuration/Fire             6
   d - Delayed Fireball               Conjuration/Fire             7
   e - Ring of Flames                 Charms/Fire                  7
Comestibles
 d - a bread ration
 f - a meat ration
 j - 4 fruits
 k - a slice of pizza
 q - a chunk of flesh
 r - a beef jerky


   Skills:
 + Level 2.9 Fighting
 * Level 4.1 Dodging
 * Level 4.3 Unarmed Combat
 - Level 2.0 Spellcasting
 - Level 1.7 Transmutations


You had one spell level left.
You knew the following spells:

 Your Spells              Type           Power        Failure   Level  Hunger
a - Beastly Appendage     Trmt           #.....       6%          1    ##.....
b - Sticks to Snakes      Trmt           #.......     9%          2    ###....
c - Blade Hands           Trmt           #.........   96%         5    ######.


Dungeon Overview and Level Annotations

Branches:
Dungeon (4/15)
 Temple: D:4-7

Altars:
Ashenzari
Elyvilon
Fedhas
Gozag
Xom
Yredelemnul


Innate Abilities, Weirdness & Mutations

You are partially covered in yellow scales (AC +2).
When hurt, damage is shared between your health and your magic reserves.
You regenerate magic rapidly.


Message History

The quokka is severely wounded.
The quokka bites you.
* * * LOW HITPOINT WARNING * * *
You barely miss the quokka.
The quokka is severely wounded.
The quokka barely misses you. The quokka bites you.
* * * LOW HITPOINT WARNING * * *
You barely miss the quokka.
The quokka is severely wounded.
The quokka misses you.
You barely miss the quokka.
The quokka is severely wounded.
The quokka closely misses you.
You barely miss the quokka.
The quokka is severely wounded.
The quokka closely misses you.
You miss the quokka.
The quokka is severely wounded.
The quokka bites you.
You die...

#.####
#.######...#.
#.)..#
#............
####.#
########...#.
#.# ##.... #.#
#...[ #.# ##..)
#.# ##..
#r##### #..
#@....# #.#
#####.## #.#
#...#########.#
#.#...........#
#...#########.#
##### #.# #..
###


You could see a quokka.

Vanquished Creatures
  2 orc wizards (D:3)
  An orc priest (D:3)
  Natasha (D:4)
  An iguana (D:4)
  A worker ant (D:4)
  4 adders
  An ooze (D:2)
  A worm (D:2)
  2 giant geckos
  21 orcs
  5 bats
  7 giant cockroaches
  8 goblins
  10 hobgoblins
  4 jackals (D:2)
  8 kobolds
  2 ball pythons
  A giant newt (D:2)
  9 rats
89 creatures vanquished.

Vanquished Creatures (collateral kills)
  An orc (D:3)
1 creature vanquished.

Vanquished Creatures (others)
  A bat (D:1)
  A kobold (D:1)
2 creatures vanquished.

Grand Total: 92 creatures vanquished

Notes
Turn   | Place    | Note
--------------------------------------------------------------
     0 | D:1      | cluie the Demonspawn Transmuter began the quest for the Orb.
     0 | D:1      | Reached XP level 1. HP: 15/15 MP: 3/3
   330 | D:1      | Gained mutation: When hurt, damage is shared between your health and your magic reserves. [demonic ancestry]
   330 | D:1      | Reached XP level 2. HP: 21/21 MP: 5/5
   686 | D:1      | Reached skill level 3 in Unarmed Combat
   708 | D:1      | Learned a level 2 spell: Sticks to Snakes
   899 | D:1      | Gained mutation: You are partially covered in yellow scales (AC +2). [demonic ancestry]
   899 | D:1      | Reached XP level 3. HP: 14/26 MP: 4/6
  1406 | D:2      | Reached XP level 4. HP: 17/33 MP: 7/7
  2024 | D:3      | Noticed an ogre
  2280 | D:3      | Gained mutation: You regenerate magic rapidly. [demonic ancestry]
  2280 | D:3      | Reached XP level 5. HP: 20/39 MP: 4/8
  2444 | D:3      | Found a shattered altar of Ashenzari.
  2445 | D:3      | Found a white marble altar of Elyvilon.
  2446 | D:3      | Found an opulent altar of Gozag.
  2446 | D:3      | Found a shimmering altar of Xom.
  2462 | D:3      | Found a blossoming altar of Fedhas.
  2464 | D:3      | Found a basalt altar of Yredelemnul.
  2643 | D:3      | Reached skill level 4 in Unarmed Combat
  2650 | D:3      | Learned a level 5 spell: Blade Hands
  2815 | D:4      | Reached XP level 6. HP: 7/46 MP: 3/9
  3076 | D:4      | Noticed Natasha
  3123 | D:4      | Killed Natasha
  3187 | D:4      | Paralysed by an orc for 5 turns
  3209 | D:3      | HP: 2/46 [quokka (1)]
  3214 | D:3      | Slain by a quokka

Vault maps used:
D:1:      elethiomel_arrival_shortcut, lemuel_old_faithful
D:2:      serial_bayou, serial_bayou_pond_b, serial_bayou_pond_a,
          serial_bayou_lake_a, serial_bayou_pond_c, hangedman_decor_riveting
D:3:      minitemple, lightli_corner_chamber
D:4:      first_bread, uniq_natasha

Action                   |  1- 3 |  4- 6 || total
-------------------------+-------+-------++-------
Melee: Unarmed           |   211 |   313 ||   524
 Cast: Beastly Appendage |     3 |     1 ||     4
       Sticks to Snakes  |     2 |     2 ||     4
  Use: Scroll            |     2 |     6 ||     8
       Potion            |       |     4 ||     4
 Stab: Sleeping          |     1 |     2 ||     3
  Eat: Chunk             |     2 |     6 ||     8
